 Dungeon Crawl Stone Soup version 0.13.1-28-g3517093 (console) character file.

751 Magician the Poker (level 7, -8/56 HPs)
             Began as a Merfolk Berserker on Mar 5, 2014.
             Was a Believer of Trog.
             Killed from afar by Dowan (19 damage)
             ... with a stone arrow
             ... on Level 5 of the Dungeon.
             The game lasted 00:08:56 (1315 turns).

Magician the Poker (Merfolk Berserker)              Turns: 1315, Time: 00:08:56

HP  -8/56        AC  8     Str 18      XL: 7   Next: 63%
MP   6/6         EV  6     Int  6      God: Trog [**....]
Gold 63          SH  0     Dex 15      Spells:  0 memorised,  6 levels left

Res.Fire  : . . .   See Invis. : .   m - +1,+0 spear
Res.Cold  : . . .   Warding    : .   f - +0 orc chain mail
Life Prot.: . . .   Conserve   : .   (no shield)
Res.Poison: .       Res.Corr.  : .   (no helmet)
Res.Elec. : .       Clarity    : .   (no cloak)
Sust.Abil.: . .     Spirit.Shd : .   (no gloves)
Res.Mut.  : .       Stasis     : .   (no boots)
Res.Rott. : .       Flight     : .   (no amulet)
Saprovore : . . .                    (no ring)
                                     n - cursed ring of hunger

@: regenerating (expiring), exhausted, slowed, heavily drained, very slow, very
resistant to hostile enchantments, extremely unstealthy
A: change form in water, swift swim
a: Burn Spellbooks, Berserk, Trog's Hand, Renounce Religion


You were on level 5 of the Dungeon.
You worshipped Trog.
Trog was pleased with you.
You were not hungry.

You visited 2 branches of the dungeon, and saw 6 of its levels.

You collected 43 gold pieces.

Inventory:

Hand weapons
 a - a +0,+0 spear {=f}
 m - a +1,+0 spear (weapon)
Armour
 b - a +0 animal skin
 f - a +0 orcish chain mail (worn)
Comestibles
 c - 2 bread rations
Scrolls
 d - a scroll of teleportation
Jewellery
 n - a cursed ring of hunger (left hand)
Potions
 e - 2 potions of brilliance


   Skills:
 * Level 6.0(4.6) Fighting
 + Level 6.4(5.0) Polearms
 * Level 3.7(2.4) Armour
 + Level 5.2(3.8) Dodging


You had 6 spell levels left.
You didn't know any spells.

Dungeon Overview and Level Annotations

Branches:
Dungeon (5/27)             Temple (1/1) D:4

Altars:
Cheibriados
Elyvilon
Fedhas
Makhleb
Nemelex Xobeh
Okawaru
Sif Muna
Vehumet
Xom
Yredelemnul
Lugonu

Annotations:
D:5 Dowan


Message History

You reach to attack!
You closely miss Dowan.
Dowan is moderately wounded.
Dowan hits you but does no damage.
You hit Dowan.
Dowan is heavily wounded.
Dowan hits you with an elven dagger.
* * * LOW HITPOINT WARNING * * *
Dowan hits you but does no damage.
You hit Dowan.
Dowan is severely wounded.
Your skin is crawling a little less now.
Dowan gestures wildly while chanting.
Dowan blinks!
Dowan says, "Magic will overcome all!"
Dowan casts a spell at you. The shard of ice hits you!
* * * LOW HITPOINT WARNING * * *
Dowan casts a spell at you. The stone arrow hits you!
You die...

##+####......# #..##
.............# #...#
.[......)....# #....
............# #....
....$.......#########....
.........................
.....................<..
...###....e....###...(.. ...#
##@......## ##..... ......#
#.......# #..... .....w.##
#.......# #.....
.........###.........# #......
...............................
...............................
...............................
.......eae......................
..................... .........


You could see Dowan.

Vanquished Creatures
  The ghost of tsn the Skirmisher, an average HEFi (D:4)
  An ice beast (D:5)
  2 centaurs (D:5)
  Duvessa (D:5)
  A jelly (D:5)
  A hound (D:5)
  A scorpion (D:4)
  3 worker ants (D:5)
  3 gnolls (D:4)
  3 adders (D:4)
  A giant eyeball (D:5)
  2 giant geckos
  3 giant cockroaches
  5 hobgoblins
  4 kobolds
  An ooze (D:5)
  A bat (D:1)
  2 giant newts
  3 goblins
  6 jackals
  5 rats
50 creatures vanquished.

Notes
Turn   | Place    | Note
--------------------------------------------------------------
     0 | D:1      | Magician, the Merfolk Berserker, began the quest for the Orb.
     0 | D:1      | Reached XP level 1. HP: 18/18 MP: 0/0
   145 | D:1      | Reached XP level 2. HP: 16/24 MP: 1/1
   361 | D:1      | Acquired Trog's second power
   458 | D:4      | Found a staircase to the Ecumenical Temple.
   465 | Temple   | Entered the Ecumenical Temple
   511 | D:4      | Reached XP level 3. HP: 30/30 MP: 2/2
   545 | D:4      | Noticed tsn's ghost (average HEFi)
   565 | D:4      | Killed tsn's ghost
   565 | D:4      | Reached skill level 5 in Polearms
   565 | D:4      | Reached XP level 4. HP: 35/37 MP: 3/3
   565 | D:4      | Reached XP level 5. HP: 40/42 MP: 4/4
   583 | D:5      | Entered Level 5 of the Dungeon
   680 | D:4      | Found a basalt altar of Yredelemnul.
   785 | D:4      | Reached XP level 6. HP: 43/49 MP: 5/5
   907 | D:5      | Found a radiant altar of Vehumet.
   926 | D:5      | Noticed a centaur
   945 | D:5      | Killed a centaur
   945 | D:5      | Reached skill level 5 in Fighting
   970 | D:5      | Noticed an ogre
  1104 | D:5      | Found a white marble altar of Elyvilon.
  1104 | D:5      | Found a snail-covered altar of Cheibriados.
  1105 | D:5      | Noticed a centaur
  1115 | D:5      | Killed a centaur
  1115 | D:5      | Reached skill level 6 in Polearms
  1115 | D:5      | Reached XP level 7. HP: 40/55 MP: 6/6
  1151 | D:5      | Noticed an ice beast
  1152 | D:5      | Noticed Duvessa
  1154 | D:5      | Noticed Dowan
  1167 | D:5      | Killed an ice beast
  1167 | D:5      | Reached skill level 5 in Dodging
  1234 | D:5      | Paralysed by a giant eyeball for 2 turns
  1241 | D:5      | Paralysed by a giant eyeball for 3 turns
  1259 | D:5      | Paralysed by a giant eyeball for 3 turns
  1285 | D:5      | Killed Duvessa
  1305 | D:5      | HP: 1/56 [Dowan/stone arrow (10)]
  1315 | D:5      | Killed from afar by Dowan

Action                   |  1- 3 |  4- 6 |  7- 9 || total
-------------------------+-------+-------+-------++-------
Melee: Spear             |   109 |   122 |    86 ||   317
Invok: Berserk           |     2 |     4 |     2 ||     8
       Trog's Hand       |       |     2 |     7 ||     9
  Use: Scroll            |       |     7 |     1 ||     8
       Potion            |       |       |     3 ||     3
